 Dungeon Crawl Stone Soup version 0.31-a0-344-gd109795599 (webtiles) character file.

Game seed: 9489404920887467607

66 LeprechaunX the Ruffian (level 4, -2/29 HPs)
             Began as an Octopode Shapeshifter on July 22, 2023.
             Killed from afar by Sigmund (5 damage)
             ... with a magic dart
             ... on level 2 of the Dungeon.
             The game lasted 00:01:49 (831 turns).

LeprechaunX the Ruffian (Octopode Shapeshifter)      Turns: 831, Time: 00:01:49

Health: -2/29      AC: 12    Str: 16    XL:     4   Next: 15%
Magic:  4/4        EV: 19    Int: 10    God:
Gold:   26         SH:  0    Dex: 12    Spells: 3/3 levels left

rFire   . .          .
                       - Unarmed
rCold   . . .        (shield currently unavailable)
rNeg    + + +        (helmet currently unavailable)
rPois   +            (no amulet)
rElec   .            (no ring)
rCorr   .            (no ring)
SInv    .            (no ring)
Will    .....        (no ring)
Stlth   +            (no ring)
HPRegen 0.24/turn    (no ring)
MPRegen 0.09/turn    (no ring)
                     (no ring)

%: no passive effects
@: fungus-form (expiring)
A: melee confuse, terrified, no casting, almost no armour, (amphibious), 8
rings, tiny, (camouflage 1), (gelatinous body 1), (nimble swimmer 1),
(tentacles)
a: no special abilities


You were on level 2 of the Dungeon.
You were a sentient fungus.
You visited 1 branch of the dungeon, and saw 2 of its levels.

You collected 26 gold pieces.

Inventory:

Talismans
 b - a beast talisman
Scrolls
 c - a scroll of poison {unknown}
 d - a scroll of revelation {unknown}
 e - a scroll of noise {unknown}
 g - a scroll of identify {unknown}
 i - a scroll of fog {unknown}
 j - a scroll of immolation {unknown}
 k - a scroll of enchant weapon {unknown}
Potions
 a - a potion of lignification
 f - a potion of brilliance {unknown}


   Skills:
 + Level 1.8 Fighting
 + Level 2.5 Dodging
 * Level 3.8 Unarmed Combat
 + Level 3.3 Shapeshifting


You had 3 spell levels left.
You didn't know any spells.
Your spell library was empty.

Dungeon Overview and Level Annotations

Branches:
Dungeon (2/15)

Altars:

Annotations:
D:2 Sigmund


Innate Abilities, Weirdness & Mutations

You are a sentient fungus.
You are tiny and evasive.
Your melee attack releases spores that confuse breathing creatures.
You become terrified and freeze when enemies are visible.
Your armour is entirely melded.
You are incapable of wielding weapons or throwing items.
You cannot cast spells.
You cannot wear most types of armour.
((You are amphibious.))
You can wear up to eight rings at the same time.
((Your skin changes colour to match your surroundings (Stealth+).))
((Your rubbery body absorbs attacks. (AC +1, EV +1)))
((You are camouflaged when in or above water. (Stealth+)))
((You have tentacles for arms and can constrict up to eight enemies at once.))


Message History

Sigmund zaps a wand.
Your transformation has ended.
You turn into a sentient fungus.
Found 2 gold pieces.
You swing at nothing.
You swing at nothing.
You swing at nothing.
Sigmund closely misses you.
You swing at nothing.
Sigmund points at you and mumbles some strange words.
The magic dart hits you but does no damage.
The dart slug launches a dart at you. The slug dart misses you.
You swing at nothing.
Sigmund gestures wildly while chanting.
Sigmund flickers and vanishes!
Deactivating autopickup; reactivate with Ctrl-A.
You swing at nothing.
Something hits you!
You release spores at the dart slug.
The dart slug appears confused.
The dart slug is severely wounded.
The dart slug closely misses you.
You release spores at the dart slug!
You kill the dart slug!
Something hits you but does no damage.
You swing at nothing.
Something hits you!
You swing at nothing.
You swing at nothing.
Something closely misses you.
You swing at nothing.
You swing at nothing.
Something hits you!
* * * LOW HITPOINT WARNING * * *
You swing at nothing.
Something closely misses you.
You swing at nothing.
You swing at nothing.
Something hits you but does no damage.
You swing at nothing.
Your transformation is almost over.
Something closely misses you.
You closely miss something.
You hear some strange, mumbled words.
A magic dart appears from out of thin air!
The magic dart hits you.
You die...

#... ..# #.. . # #..#
#.# #.###. #.##
#..######.####..#..
...##..##.............#
..........###(#####.#.#
.#..........# #...#..
##...####### #.#.# #
##{## #...# #f# ##@#.#
#.# #.##.### #†#
##.##.## ..$ #@.#..#
..... #.#.#.. .......
#......# .........
#...#.### +.........+
..........
#.........##.#...#..##


There were no monsters in sight!

Vanquished Creatures
  2 adders (D:2)
  A worm (D:2)
  A dart slug (D:2)
  3 endoplasms
  5 giant cockroaches (D:1)
  6 goblins
  5 hobgoblins
  A quokka (D:1)
  2 ball pythons (D:1)
  4 bats
  2 frilled lizards (D:1)
  3 kobolds
  6 rats
41 creatures vanquished.

Notes
Turn   | Place    | Note
-------+----------+-------------------------------------------
     0 | D:1      | LeprechaunX the Octopode Shapeshifter began the quest for
                  | the Orb.
     0 | D:1      | Reached XP level 1. HP: 13/13 MP: 1/1
    67 | D:1      | Reached XP level 2. HP: 18/18 MP: 2/2
   284 | D:1      | Reached XP level 3. HP: 21/21 MP: 3/3
   610 | D:2      | Reached XP level 4. HP: 29/29 MP: 4/4
   774 | D:2      | Noticed Sigmund
   831 | D:2      | Killed from afar by Sigmund

Illustrated notes

Levels and vault maps discovered:
D:1:      nzn_arrival_depleted_hourglass, layout_basic, serial_curves,
          eino_curves_03, eino_curves_02
D:2:      layout_loops_corners, basic_ecumenical_altar, minmay_cut_off,
          uniq_sigmund

Action                     |  1- 3 |  4- 6 || total
---------------------------+-------+-------++-------
  Melee: Unarmed           |    59 |    11 ||    70
         Constrict         |    22 |     2 ||    24
         Tentacles         |    14 |     2 ||    16
         Punch             |     2 |       ||     2
  Throw: Dart              |       |     5 ||     5
   Stab: Sleeping          |     6 |       ||     6
         Distracted        |     1 |       ||     1
 Armour: Skin              |     8 |     5 ||    13
  Dodge: Dodged            |    29 |    10 ||    39

Table legend: (Time is in decaauts)
 A = Elapsed time spent in this place.
 B = Non-inter-level travel time spent in this place.
 C = Inter-level travel time spent in this place.
 D = Time resting spent in this place.
 E = Time spent auto-exploring this place.
 F = Levels seen in this place.
 G = Mean time per level.
                   A        B        C        D        E       F      G
               +--------+--------+--------+--------+--------+-----+--------+
         Total |    818 |    800 |     18 |      0 |    543 |   2 |  409.0 |
       Dungeon |    818 |    800 |     18 |      0 |    543 |   2 |  409.0 |
               +--------+--------+--------+--------+--------+-----+--------+

Top non-repeatable levels by time:
     D:1: 516 daAuts
     D:2: 302 daAuts
